 Dungeon Crawl Stone Soup version 0.30-a0-242-g7bf8e6d787 (webtiles) character file.

Game seed: 17044521408399482077

392 koil the Sneak (level 6, -6/26 (30) HPs)
             Began as a Spriggan Enchanter on Oct 11, 2022.
             Mangled by Edmund
             ... wielding a +3 flail of draining
              (9 damage)
             ... on level 4 of the Dungeon.
             The game lasted 00:11:20 (3671 turns).

koil the Sneak (Spriggan Enchanter)                 Turns: 3671, Time: 00:11:21

HP:   -6/26 (30)    AC:  2    Str:  4    XL:     6   Next: 51%
MP:   8/12          EV: 19    Int: 17    God:
Gold: 186           SH:  0    Dex: 17    Spells: 6/11 levels left

rFire   x . .      SeeInvis +    a - +1 dagger
rCold   + . .      Faith    .    (no shield)
rNeg    . . .      Spirit   .    i - +0 robe
rPois   +          Reflect  .    (helmet restricted)
rElec   .          Harm     .    (no cloak)
rCorr   .          Rampage  .    (gloves unavailable)
Will    +....                    (boots unavailable)
Stlth   ++++......               (no amulet)
HPRegen 0.24/turn                f - ring of ice
MPRegen 0.13/turn                b - ring of poison resistance

@: heavily drained, very quick
A: very small, no large weapons, unfitting armour, see invisible, speed 3
a: no special abilities


You were on level 4 of the Dungeon.
You visited 1 branch of the dungeon, and saw 4 of its levels.

You collected 186 gold pieces.

Inventory:

Hand Weapons
 a - a +1 dagger (weapon)
 k - a +0 vampiric whip
Armour
 i - a +0 robe (worn)
Jewellery
 b - a ring of poison resistance (right hand)
 f - a ring of ice (left hand)
 y - an amulet of regeneration
Scrolls
 e - 6 scrolls of enchant armour {unknown}
 g - 3 scrolls of identify {unknown}
 j - a scroll of noise {unknown}
 n - a scroll of immolation {unknown}
 o - 2 scrolls of teleportation {unknown}
 p - 3 scrolls of fear {unknown}
 s - 2 scrolls of summoning {unknown}
 v - a scroll of torment {unknown}
 z - a scroll of fog {unknown}
Potions
 c - 3 potions of invisibility
 d - 2 potions of might {unknown}
 h - a potion of degeneration {unknown}
 l - 2 potions of lignification {unknown}
 m - a potion of cancellation {unknown}
 q - a potion of attraction {unknown}
 r - 2 potions of heal wounds {unknown}
 t - a potion of mutation {unknown}
 u - a potion of ambrosia {unknown}
 w - 2 potions of magic {unknown}
 x - a potion of berserk rage {unknown}


   Skills:
 + Level 1.0 Fighting
 + Level 3.7 Short Blades
 + Level 4.3 Dodging
 + Level 6.7 Stealth
 + Level 3.4 Spellcasting
 + Level 4.9 Hexes
 + Level 0.8 Ice Magic


You had 6 spell levels left.
You knew the following spells:

 Your Spells              Type           Power      Damage    Failure   Level
a - Ensorcelled Hibernat  Hex/Ice        38%        N/A       8%          2
b - Confusing Touch       Hex            19%        N/A       7%          3

Your spell library contained the following spells:

 Spells                   Type           Power      Damage    Failure   Level
 Tukima's Dance           Hex            19%        N/A       7%          3
 Dazzling Flash           Conj/Hex       22%        N/A       19%         3
 Passwall                 Tmut/Erth      1%         N/A       26%         2
 Swiftness                Air            2%         N/A       45%         3


Dungeon Overview and Level Annotations

Branches:
Dungeon (4/15)
 Temple: D:4-7

Altars:

Annotations:
D:4 Edmund, Natasha


Innate Abilities, Weirdness & Mutations

You are very small and have problems with some larger weapons.
You are too small for most types of armour.
You have supernaturally acute eyesight. (SInv)
You cover ground extremely quickly. (Speed+++)


Message History

Unknown command.
Casting: Ensorcelled Hibernation (safe; 8% risk of failure)
Confirm with . or Enter, or press ? or * to list all spells.
Aiming: Ensorcelled Hibernation (safe; 8% risk of failure)
Press: ? - help, Shift-Dir - straight line, f - Edmund
Aim: Edmund, wielding a +3 flail of draining and wearing a +0 chain mail (chance to affect: 51%)
You feel a surge of power!
Edmund looks drowsy...
The helpless Edmund fails to defend himself.
You perforate Edmund like a sieve!!!
Edmund is almost dead.
Edmund hits you with a +3 flail of draining!
You feel drained.
Casting: Ensorcelled Hibernation (safe; 8% risk of failure)
Confirm with . or Enter, or press ? or * to list all spells.
The spell is quite dangerous to miscast (7% risk of failure)!
Continue anyway?
Your hands begin to glow red.
You hit Edmund but do no damage.
Edmund is almost dead.
Edmund hits you with a +3 flail of draining.
You feel drained.
You hit Edmund but do no damage.
Edmund appears confused.
Edmund is almost dead.
Edmund completely misses you.
You hit Edmund but do no damage.
Edmund is almost dead.
You hit Edmund but do no damage.
Edmund is almost dead.
Edmund hits you with a +3 flail of draining!
* * * LOW HITPOINT WARNING * * *
You feel drained.
* * * LOW HITPOINT WARNING * * *
You hit Edmund but do no damage.
Edmund is almost dead.
You are too injured to fight recklessly!
Okay, then.
Edmund chortles and stares into space.
You hit Edmund but do no damage.
Edmund is almost dead.
Edmund hits you with a +3 flail of draining!
You die...

#.........#####'########
#.########..............
#.# #.............. #.#
#.............. #.#
#..............
####.########..............
..................>........
##.........................
#..[...........@@.........
#..............##.########
.#..............##.#
############
.###'#########<....#
#...........
.............#.....#
#...........
.............#.....
#...........
.............#....
#...........
.###'###########
#........... # #'## #.#
#...........


You could see Edmund (confused).

Vanquished Creatures
  2 scorpions (D:4)
  2 jellies (D:2)
  An orc wizard (D:3)
  4 gnolls (D:4)
  4 adders
  2 worms (D:2)
  4 dart slugs
  4 orcs
  9 bats
  14 endoplasms
  4 giant cockroaches
  7 goblins
  10 hobgoblins
  3 jackals
  2 quokkas
  5 ball pythons
  3 frilled lizards (D:3)
  14 kobolds
  4 rats
98 creatures vanquished.

Vanquished Creatures (others)
  6 fungi (D:2)
  5 toadstools (D:2)
11 creatures vanquished.

Grand Total: 109 creatures vanquished

Notes
Turn   | Place    | Note
-------+----------+-------------------------------------------
     0 | D:1      | koil the Spriggan Enchanter began the quest for the Orb.
     0 | D:1      | Reached XP level 1. HP: 9/9 MP: 5/5
   174 | D:1      | Reached XP level 2. HP: 12/13 MP: 6/6
   183 | D:1      | Learned a level 2 spell: Ensorcelled Hibernation
  1018 | D:2      | Reached XP level 3. HP: 6/16 MP: 2/8
  1265 | D:2      | Reached skill level 5 in Stealth
  1492 | D:2      | Reached XP level 4. HP: 21/21 MP: 4/9
  2001 | D:3      | Reached XP level 5. HP: 19/25 MP: 10/10
  2035 | D:3      | Learned a level 3 spell: Confusing Touch
  2860 | D:4      | Reached skill level 6 in Stealth
  2882 | D:4      | Noticed Edmund
  2885 | D:4      | Noticed Natasha
  2915 | D:4      | HP: 1/23 [Edmund/+3 flail of draining (4)]
  3059 | D:4      | Reached XP level 6. HP: 27/27 MP: 11/11
  3431 | D:4      | Reached skill level 1 in Fighting
  3671 | D:4      | Mangled by Edmund

Illustrated notes

Levels and vault maps discovered:
D:1:      minmay_arrival_wavy_path, layout_basic
D:2:      cheibrodos_fertilizer, layout_basic
D:3:      layout_loops_ring
D:4:      layout_basic, nicolae_hepliaklqana_hippocampus, hex_intersection,
          minmay_fractal_squares_diagonal_5, uniq_edmund, uniq_menkaure,
          uniq_natasha, uniq_robin

Skill      XL: |  1  2  3  4  5  6 |
---------------+-------------------+-----
Hexes          | 4 |  4.9
Dodging        | 3 4 |  4.3
Stealth        | 5 6 |  6.7
Short Blades   | 2 3 |  3.7
Spellcasting   | 3 |  3.4
Fighting       | 1 |  1.0
Ice Magic      | |  0.8

Action                   |  1- 3 |  4- 6 || total
-------------------------+-------+-------++-------
Melee: Dagger            |   166 |   244 ||   410
       Punch             |       |     1 ||     1
 Cast: Ensorcelled Hiber |    10 |    24 ||    34
       Confusing Touch   |       |     1 ||     1
 Stab: Sleeping          |    15 |    22 ||    37
       Distracted        |       |     1 ||     1
Armor: Robe              |    24 |    14 ||    38
Dodge: Dodged            |   132 |   172 ||   304

Table legend: (Time is in decaauts)
 A = Elapsed time spent in this place.
 B = Non-inter-level travel time spent in this place.
 C = Inter-level travel time spent in this place.
 D = Time resting spent in this place.
 E = Time spent auto-exploring this place.
 F = Levels seen in this place.
 G = Mean time per level.
                   A        B        C        D        E       F      G
               +--------+--------+--------+--------+--------+-----+--------+
         Total |   2671 |   2611 |     60 |    337 |   1538 |   4 |  667.8 |
       Dungeon |   2671 |   2611 |     60 |    337 |   1538 |   4 |  667.8 |
               +--------+--------+--------+--------+--------+-----+--------+

Top non-repeatable levels by time:
     D:2: 778 daAuts
     D:3: 729 daAuts
     D:1: 601 daAuts
     D:4: 561 daAuts
